Map: Disco Bloodbath LE

Players

Toodming

  • Race: Zerg Zerg
  • League: Master
  • Spawn Location: 9:00

TSGherO - Winner!

  • Race: Protoss Protoss
  • League: Grandmaster
  • Spawn Location: 3:00

VOD

Have the link to the VOD?

Description

Time

  • Played on: Sept. 23, 2019, 8:11 a.m.
  • Length: 7:19
Show
View Real Time Build Order
Export as new Build Order

Toodming Zerg 

Build Orders: Hatch First 

Get SALT Encoding   

  12  0:01  Drone  
  13  0:12  Overlord  
  13  0:16  Drone  
  14  0:31  Drone x2  
  16  0:48  Hatchery  
  16  0:50  Drone  
  16  0:54  Drone  
  16  0:56  Drone  
  18  1:11  Spawning Pool  
  17  1:13  Drone  
  17  1:15  Extractor  
  17  1:20  Drone  
  18  1:31  Drone  
  19  1:43  Hatchery  
  19  1:46  Drone  
  19  1:59  Queen  
  19  2:01  Zergling x2  
  22  2:05  Drone  
  22  2:07  Drone  
  24  2:14  Overlord  
  24  2:23  Queen  
  26  2:30  Drone x2  
  28  2:37  Queen  
  28  2:41  Drone  
  28  2:44  Drone  
  32  2:45  Drone  
  32  2:48  Drone  
  34  2:52  Zergling x2  
  34  2:55  Overlord  
  35  3:06  Queen  
  35  3:07  Metabolic Boost  
  35  3:10  Spore Crawler  
  35  3:14  Drone x2  
  35  3:19  Drone  
  38  3:20  Drone  
  38  3:21  Drone x2  
  38  3:25  Drone x2  
  43  3:29  Spore Crawler  
  43  3:32  Drone x2  
  44  3:36  Drone x2  
  44  3:38  Drone  
  47  3:47  Overlord  
  47  3:50  Drone x2  
  49  3:58  Overlord  
  49  4:03  Overlord  
  49  4:09  Drone  
  50  4:10  Drone x7  
  50  4:12  Lair  
  57  4:17  Drone x2  
  57  4:18  Overlord  
  57  4:21  Drone x2  
  61  4:27  Roach Warren  
  61  4:29  Extractor x2  
  61  4:30  Drone x2  
  60  4:31  Extractor  
  60  4:32  Drone x2  
  60  4:34  Zergling x2  
  60  4:35  Zergling x2  
  62  4:48  Zergling x2  
  62  4:52  Drone  
  62  4:53  Drone x9  
  66  5:02  Overlord  
  64  5:07  Drone  
  64  5:08  Overlord  
  64  5:13  Tunneling Claws  
  60  5:23  Drone x2  
  60  5:24  Drone  
  63  5:30  Roach  
  63  5:31  Roach x3  
  63  5:34  Roach  
  63  5:35  Roach  
  75  5:38  Roach  
  75  5:39  Roach  
  79  5:49  Roach x4  
  87  5:50  Zergling x2  
  87  5:56  Overlord  
  88  5:57  Roach  
  88  5:58  Roach  
  88  5:59  Roach  
  94  6:11  Roach x3  
  89  6:12  Zergling x10  
  89  6:14  Zergling x2  
  89  6:17  Zergling x2  
  95  6:20  Zergling x2  
  95  6:21  Zergling x4  
  98  6:26  Zergling x6  
  98  6:32  Ravager x2  
  103  6:34  Ravager  
  103  6:35  Zergling x4  
  106  6:47  Overlord x3  
Show
View Real Time Build Order
Export as new Build Order

TSGherO Protoss - Winner!

Build Orders: 1 Gate Expand, Oracle Opening 

Get SALT Encoding   

  12  0:00  Probe  
  13  0:13  Probe  
  14  0:19  Pylon  
  14  0:25  Probe  
  15  0:37  Probe (Chrono Boost)  
  15  0:39  Gateway  
  16  0:46  Probe (Chrono Boost)  
  16  0:48  Assimilator  
  17  0:51  Probe  
  18  1:04  Probe  
  19  1:16  Probe  
  20  1:25  Nexus  
  20  1:36  Cybernetics Core  
  20  1:38  Probe  
  21  1:45  Assimilator  
  21  1:50  Probe  
  21  1:53  Pylon  
  22  2:02  Probe  
  23  2:10  Adept (Chrono Boost)  
  23  2:14  Probe  
  26  2:18  Stargate  
  26  2:25  Warp Gate  
  26  2:26  Probe (Chrono Boost)  
  27  2:33  Adept  
  29  2:37  Probe (Chrono Boost)  
  31  2:44  Probe (Chrono Boost)  
  31  2:46  Probe (Chrono Boost)  
  31  2:51  Probe x2 (Chrono Boost)  
  34  2:59  Oracle (Chrono Boost)  
  34  3:03  Adept  
  34  3:04  Probe  
  34  3:05  Probe  
  41  3:16  Probe  
  41  3:17  Probe  
  43  3:21  Gateway  
  43  3:25  Pylon  
  41  3:27  Oracle (Chrono Boost)  
  41  3:29  Probe x2  
  46  3:40  Assimilator  
  46  3:41  Assimilator  
  46  3:43  Adept  
  46  3:44  Probe (Chrono Boost)  
  46  3:46  Probe (Chrono Boost)  
  50  3:48  Pylon  
  51  3:56  Probe (Chrono Boost)  
  51  4:02  Probe (Chrono Boost)  
  52  4:03  Robotics Facility, Probe (Chrono Boost)  
  52  4:08  Probe  
  54  4:10  Probe  
  54  4:12  Oracle (Chrono Boost)  
  58  4:21  Adept  
  60  4:24  Adept  
  60  4:26  Pylon  
  60  4:30  Pylon  
  62  4:44  Probe x2  
  64  4:59  Immortal (Chrono Boost)  
  66  5:02  Oracle  
  69  5:09  Probe  
  69  5:10  Probe  
  69  5:12  Gateway, Sentry x2  
  69  5:13  Gateway  
  73  5:15  Gateway  
  73  5:19  Nexus  
  73  5:31  Gateway  
  73  5:32  Gateway  
  73  5:34  Pylon  
  73  5:38  Warp Prism (Chrono Boost)  
  75  5:43  Sentry  
  75  5:48  Gateway  
  77  5:54  Sentry  
  79  5:58  Pylon  
  79  6:07  Immortal (Chrono Boost)  
  83  6:19  Sentry x2  
  83  6:20  Stalker x3  
  93  6:26  Pylon  
  93  6:27  Pylon  
  93  6:29  Pylon  
  93  6:33  Pylon  
  93  6:35  Adept  
  93  6:36  Adept  
  93  6:38  Probe (Chrono Boost)  
  98  6:40  Assimilator  
  98  6:44  Observer  
  100  6:47  Probe (Chrono Boost)  
  100  6:52  Probe (Chrono Boost)  
  100  6:54  Stalker x3  
  104  6:55  Sentry x2  
Tags
 
Add a new tag
Caveats
  • Supply blocks, unpowered buildings, or Contaminate may cause inaccurate times.
  • Supply counts are checked every 10 seconds.